cohdb
Replays
Latest Replays
All Replays
Popular Replays
Top Player Replays
Match Explorer
How It Works
Community
CoH3 Stats
Reddit
Sign in to upload your games and track your stats! →
Sign in with Steam
Match 42260096
Unlisted
Match 42260096
Overview
Messages
Build Orders
End
Kettenkrad Recon Vehicle
Construct Infanterie Kompanie
Selects Terror Battlegroup
Selects Machine Gun Camouflage
MG 42 Machine Gun Team
MG 42 Machine Gun Team
Grenadier Squad
Grenadier Squad
GrW 34 Mortar Team
MG 42 Bunker
Selects Contempt for the Weak
Construct Luftwaffe Kompanie
Support Elements
Jäger Squad
Marder III M Tank Destroyer
Wirbelwind Flakpanzer
Grenadier Squad
Construct Panzergrenadier Kompanie
Selects Propaganda Leaflet Drop
Selects V1 Rocket Strike
Wirbelwind Flakpanzer
Propaganda Leaflet Drop
Nebelwerfer 42 Rocket Launcher Team
StuG III G Assault Gun
Wirbelwind Flakpanzer
251 Medium Carrier
Propaganda Leaflet Drop
StuG III G Assault Gun
Selects Defend the Fatherland
Grenadier Squad
Pioneer Squad
Propaganda Leaflet Drop
Grenadier Squad
Pioneer Squad
V1 Rocket Strike
Wirbelwind Flakpanzer
Panzergrenadier Squad
Pioneer Squad
Wirbelwind Flakpanzer
Guderian ITA
StudioKreskiTattoo
0
0
Comments
sign in to comment!
No comments posted yet!